 Dungeon Crawl Stone Soup version 0.31-a0-627-gd65175cf8b (webtiles) character file.

Game seed: 15052022657316640037

269 MacCMillion the Ruffian (level 6, -6/63 HPs)
             Began as an Octopode Shapeshifter on Aug 25, 2023.
             Mangled by a steam dragon (8 damage)
             ... on level 4 of the Dungeon.
             The game lasted 00:07:18 (3880 turns).

MacCMillion the Ruffian (Octopode Shapeshifter)     Turns: 3880, Time: 00:07:18

Health: -6/63      AC: 23    Str: 16    XL:     6   Next: 22%
Magic:  6/6        EV:  2    Int: 10    God:
Gold:   204        SH:  0    Dex: 13    Spells: 5/5 levels left

rFire   . .          .
                       - Unarmed
rCold   . . .        (no shield)
rNeg    . . .        (helmet currently unavailable)
rPois   +            n - amulet of regeneration
rElec   .            (no ring)
rCorr   .            (no ring)
SInv    .            (no ring)
Will    .....        (no ring)
Stlth   ++           (no ring)
HPRegen 1.10/turn    (no ring)
MPRegen 0.10/turn    (no ring)
                     (no ring)

%: no passive effects
@: tree-form
A: stationary, stasis, torment immunity, boosted hp, almost no armour,
(amphibious), 8 rings, (camouflage 1), (gelatinous body 1), (nimble swimmer 1),
(tentacles)
a: no special abilities


You were on level 4 of the Dungeon.
You were a tree.
You visited 1 branch of the dungeon, and saw 5 of its levels.

You collected 204 gold pieces.

Inventory:

Missiles
 q - 2 silver javelins
 u - 5 boomerangs
Jewellery
 n - an amulet of regeneration (around neck)
Talismans
 b - a beast talisman
 c - a flux talisman
 f - a granite talisman
 o - a blade talisman
Wands
 s - a wand of charming (16)
 v - a wand of polymorph (2)
Scrolls
 d - a scroll of teleportation
 g - 2 scrolls of identify {unknown}
 l - a scroll of enchant weapon {unknown}
 r - a scroll of blinking {unknown}
 t - a scroll of fear {unknown}
Potions
 e - 2 potions of attraction {unknown}
 h - a potion of haste
 i - 2 potions of curing
 j - 2 potions of enlightenment {unknown}
 k - a potion of brilliance {unknown}
 m - 2 potions of cancellation {unknown}
 p - a potion of might {unknown}


   Skills:
 + Level 3.0 Fighting
 + Level 3.5 Dodging
 - Level 4.0 Stealth
 + Level 4.2 Unarmed Combat
 - Level 3.0 Shapeshifting


You had 5 spell levels left.
You didn't know any spells.
Your spell library contained the following spells:

 Spells                   Type           Power      Damage    Failure   Level
 Leda's Liquefaction      Hex/Erth       0%         N/A       98%         4
 Lee's Rapid Deconstruct  Erth           0%         3d4*      100%        5
 Leda's Unmaking          Conj/Erth      0%         9d1       100%        6


Dungeon Overview and Level Annotations

Branches:
Dungeon (5/15)             Temple (0/1) D:4

Altars:
Ashenzari
Hepliaklqana
Sif Muna
Uskayaw

Annotations:
D:4 Menkaure


Innate Abilities, Weirdness & Mutations

You are a tree.
Your roots penetrate the ground, keeping you stationary.
You cannot be teleported.
You are immune to unholy pain and torment.
Your maximum health is greatly increased.
You cannot wear most types of armour.
((You are amphibious.))
You can wear up to eight rings at the same time.
((Your skin changes colour to match your surroundings (Stealth+).))
((Your rubbery body absorbs attacks. (AC +1, EV +1)))
((You are camouflaged when in or above water. (Stealth+)))
((You have tentacles for arms and can constrict up to eight enemies at once.))


Message History

Aim: a kobold, wielding a +0 dagger (chance to affect: 66%)
The kobold is charmed.
You feel sick.
You feel sick. What are your orders? t - Shout!
Orders for allies: a - Attack new target. p - Attack previous target. r - Retreat! s - Stop attacking. g - Guard the area. f - Follow me.
Anything else - Cancel.
Gang up on whom?
Press: ? - help, Dir - move target, f - steam dragon, p - kobold
Aim: a steam dragon Attack!
You feel sick. The steam dragon breathes steam at you.
The ball of steam hits your kobold!
Your kobold dies!
The ball of steam hits you!
You feel sick.
You feel sick. The steam dragon bites you!
* * * LOW HITPOINT WARNING * * *
The steam dragon claws you.
* * * LOW HITPOINT WARNING * * *
Unknown command.
Your transformation has ended.
You turn into a tree.
Your roots penetrate the ground.
You feel sick.
The steam dragon bites you but does no damage.
The steam dragon claws you but does no damage.
You smack the steam dragon!
You punch the steam dragon.
The steam dragon is moderately wounded.
You feel sick.
You are no longer poisoned.
The steam dragon bites you.
* * * LOW HITPOINT WARNING * * *
The steam dragon claws you but does no damage.
Unknown command.
Okay, then.
You hit the steam dragon.
The steam dragon is heavily wounded.
The steam dragon bites you!
You die...

#.....######.####................
#.....##...........##.########...
#.....###.##.####.###..# #...
#.##### #......##.# #..# ##.. #.#
################ #..
..###########8.........8 #..
#...........#..[.⌠.⌠.... ##.
#.######..###..>.§...>.. ##
..####...## #...♣D.⌠.... #
.......### #8.........8 ..######
############## #.# #...# #..# ###
..# ##...#### ##.######.. ###
#.......#####........# ##
##.#.........)......### .##
##..#.....##########.# ..#
#..##.....# #.h.


You could see a steam dragon.

Vanquished Creatures
  A scorpion (D:3)
  Jessica (D:3)
  4 gnolls (D:2)
  5 adders
  5 orcs
  6 ball pythons
  9 endoplasms
  2 giant cockroaches (D:1)
  11 hobgoblins
  13 jackals
  3 quokkas
  7 bats
  3 frilled lizards (D:1)
  10 goblins
  2 kobolds (D:2)
  4 rats
86 creatures vanquished.

Vanquished Creatures (others)
  A kobold (D:4)
1 creature vanquished.

Grand Total: 87 creatures vanquished

Notes
Turn   | Place    | Note
-------+----------+-------------------------------------------
     0 | D:1      | MacCMillion the Octopode Shapeshifter began the quest for
                  | the Orb.
     0 | D:1      | Reached XP level 1. HP: 13/13 MP: 1/1
   151 | D:1      | Reached skill level 1 in Stealth
   165 | D:1      | Reached XP level 2. HP: 12/18 MP: 2/2
   411 | D:1      | Reached XP level 3. HP: 23/23 MP: 3/3
  1030 | D:2      | Reached XP level 4. HP: 25/29 MP: 4/4
  1441 | D:2      | Reached XP level 5. HP: 31/34 MP: 5/5
  1609 | D:2      | Found a shimmering blue altar of Sif Muna.
  2356 | D:3      | Found a broken altar of Ashenzari.
  2913 | D:3      | Noticed a +0 short sword
  2913 | D:3      | Noticed a +0 spear
  2914 | D:3      | Noticed a +0 falchion
  2915 | D:3      | Noticed a +0 dagger
  2915 | D:3      | Noticed a +0 short sword
  2915 | D:3      | Noticed a +0 dagger
  2917 | D:3      | Noticed a +0 falchion
  2918 | D:3      | Noticed a +0 spear
  2922 | D:3      | Found a hide-covered altar of Uskayaw.
  3050 | D:3      | Reached XP level 6. HP: 41/41 MP: 6/6
  3095 | D:3      | Found a faded altar of an unknown god.
  3096 | D:3      | Noticed Jessica
  3097 | D:3      | Found a hazy altar of Hepliaklqana.
  3102 | D:3      | Killed Jessica
  3418 | D:4      | Noticed Menkaure
  3418 | D:4      | Noticed a black bear
  3501 | D:4      | Found a staircase to the Ecumenical Temple.
  3665 | D:5      | Entered Level 5 of the Dungeon
  3739 | D:5      | Noticed an orc warrior
  3869 | D:4      | Noticed a steam dragon
  3877 | D:4      | HP: 1/42 [steam dragon (4)]
  3880 | D:4      | Mangled by a steam dragon

Illustrated notes

Levels and vault maps discovered:
D:1:      dpeg_arrival_stone_temple_mockup, layout_basic
D:2:      minmay_recursive_quarters, layout_basic, basic_altar
D:3:      layout_basic, beargit_hepliaklqana_dungeon_heroes,
          nicolae_uskayaw_en_pointe, evilmike_ruin_ashenzari,
          palyth_stone_intersect
D:4:      layout_rooms, minmay_temple_entry_from_below_b, nrook_uturn,
          uniq_menkaure
D:5:      layout_basic

Skill      XL: |  1  2  3  4  5  6 |
---------------+-------------------+-----
Stealth        | 1 2 3 4 |  4.0
Fighting       | 2 3 |  3.0
Dodging        | 3 |  3.5
Unarmed Combat | 4 |  4.2
Shapeshifting  | |  3.0

Action                     |  1- 3 |  4- 6 || total
---------------------------+-------+-------++-------
  Melee: Unarmed           |    73 |    84 ||   157
         Constrict         |    22 |    28 ||    50
         Tentacles         |    15 |    17 ||    32
         Punch             |       |     5 ||     5
  Evoke: Wand              |       |     1 ||     1
    Use: Potion            |       |     3 ||     3
         Scroll            |       |     2 ||     2
   Stab: Sleeping          |     6 |     9 ||    15
         Distracted        |     1 |       ||     1
 Armour: Skin              |     4 |     5 ||     9
  Dodge: Dodged            |    36 |    41 ||    77

Table legend: (Time is in decaauts)
 A = Elapsed time spent in this place.
 B = Non-inter-level travel time spent in this place.
 C = Inter-level travel time spent in this place.
 D = Time resting spent in this place.
 E = Time spent auto-exploring this place.
 F = Levels seen in this place.
 G = Mean time per level.
                   A        B        C        D        E       F      G
               +--------+--------+--------+--------+--------+-----+--------+
         Total |   3855 |   3631 |    224 |    300 |   2387 |   5 |  771.0 |
       Dungeon |   3855 |   3631 |    224 |    300 |   2387 |   5 |  771.0 |
               +--------+--------+--------+--------+--------+-----+--------+

Top non-repeatable levels by time:
     D:2: 1366 daAuts
     D:3: 1081 daAuts
     D:1: 929 daAuts
     D:4: 274 daAuts
     D:5: 203 daAuts
